AoeStats
← Macau_Player

Arena

507049037Analyzed
4v4 RM · 15d ago on Sep 16, 2026· 49m 11s· 8 players
Game mode
Random Map
Map size
Large (8 player)
Population
200
Speed
Normal
Resources
Standard
Victory
Conquest
Starting age
Dark Age
Ending age
Imperial Age
RankedLock teamsTeams togetherTeam positionsShared explorationLock speedFull tech treeHidden civsTurbo modeCheats
Victory
Defeat
🇦🇷 Vikings · Argentina
930
+15
🇨🇳 Bohemians · China
913
+15
🇵🇬 Huns · Papua New Guinea
892
+16
🇲🇽 Britons · Mexico
883
+17
🇨🇳 Franks · China
963
-18
🇬🇧 Slavs · United Kingdom
954
-18
🇩🇪 Bengalis · Germany
854
-14
823
-13
Salgt27
10:50 Feudal Age
12:47 Loom
15:49 Castle Age
14:04 Double-Bit Axe
14:53 Horse Collar
16:16 Town Watch
Tedex
11:43 Feudal Age
17:04 Castle Age
15:55 Double-Bit Axe
15:54 Horse Collar
16:06 Gold Mining
16:08 Stone Mining
17:03 Scale Barding Armor
19:44 Bow Saw
19:37 Heavy Plow
20:43 Loom
21:29 Forging
21:41 Chain Barding Armor
26:02 Wheelbarrow
25:13 Town Watch
26:04 Marauders
30:00 Iron Casting
31:11 Bloodlines
31:02 Husbandry
39:21 Imperial Age
38:09 Gold Shaft Mining
45:10 Hand Cart
Macau_Player
10:18 Feudal Age
14:00 Castle Age
12:18 Double-Bit Axe
13:00 Horse Collar
15:31 Bow Saw
27:54 Imperial Age
26:14 Pikeman
26:46 Fletching
26:56 Scale Mail Armor
27:06 Forging
27:30 Bodkin Arrow
28:52 Chemistry
28:13 Ballistics
28:41 Wheelbarrow
28:48 Wheelbarrow
27:56 Halberdier
29:59 Conscription
32:59 Chain Mail Armor
33:20 Iron Casting
35:10 Two-Man Saw
35:41 Houfnice
37:37 Plate Mail Armor
37:43 Iron Casting
36:54 Elite Hussite Wagon
39:11 Siege Engineers
38:59 Guard Tower
39:37 Squires
39:27 Arson
39:44 Bracer
42:41 Blast Furnace
zzy320286
10:49 Feudal Age
15:12 Castle Age
13:33 Double-Bit Axe
13:44 Horse Collar
16:40 Bow Saw
17:06 Heavy Plow
22:20 Stone Mining
22:21 Gold Mining
23:46 Man-at-Arms
24:27 Squires
24:16 Gambesons
24:16 Arson
24:35 Scale Mail Armor
24:45 Forging
25:29 Gold Shaft Mining
24:35 Long Swordsman
25:34 Chain Mail Armor
26:01 Loom
27:12 Iron Casting
30:05 Imperial Age
30:05 Town Watch
30:24 Two-Handed Swordsman
31:09 Town Patrol
30:36 Capped Ram
32:24 Blast Furnace
31:54 Plate Mail Armor
31:21 Champion
32:32 Chieftains
33:23 Conscription
32:52 Siege Ram
36:05 Plate Mail Armor
35:37 Padded Archer Armor
35:27 Fletching
36:45 Crop Rotation
43:59 Ballistics
44:40 Chemistry
43:58 Leather Archer Armor
43:33 Fletching
44:29 Crossbowman
45:38 Arbalester
46:16 Bodkin Arrow
47:01 Ring Archer Armor
47:15 Bracer
Asvald
10:23 Feudal Age
13:38 Horse Collar
13:45 Double-Bit Axe
14:18 Loom
17:03 Castle Age
15:53 Forging
16:28 Scale Mail Armor
19:13 Gold Mining
19:53 Squires
22:02 Bow Saw
24:09 Stone Mining
24:24 Heavy Plow
25:47 Iron Casting
25:27 Chain Mail Armor
26:34 Wheelbarrow
25:43 Pikeman
30:09 Chain Mail Armor
32:51 Imperial Age
31:21 Hand Cart
30:53 Town Watch
33:35 Town Patrol
34:38 Blast Furnace
34:09 Plate Mail Armor
33:40 Onager
33:43 Capped Ram
35:11 Conscription
34:32 Halberdier
39:12 Ballistics
39:52 Chemistry
39:31 Siege Ram
46:43 Man-at-Arms
47:50 Long Swordsman
BoBo鸡之印第安走地鸡
0:46 Loom
3:06 Loom
12:26 Loom
14:12 Feudal Age
17:21 Castle Age
18:32 Double-Bit Axe
18:31 Horse Collar
18:47 Stone Mining
19:32 Bow Saw
20:06 Heavy Plow
23:41 Wheelbarrow
28:10 Stone Shaft Mining
27:59 Gold Mining
31:08 Imperial Age
28:53 Hand Cart
29:55 Gold Shaft Mining
32:21 Stone Shaft Mining
31:57 Elite Battle Elephant
32:39 Husbandry
32:49 Bloodlines
33:46 Conscription
35:36 Crop Rotation
35:18 Tusk Swords
36:22 Scale Barding Armor
36:28 Forging
35:46 Elite Ballista Elephant
40:03 Chain Barding Armor
40:19 Iron Casting
43:35 Double Crossbow
46:17 Chemistry
45:23 Siege Engineers
aaa916_
6:54 Loom
10:02 Feudal Age
16:01 Castle Age
19:31 Husbandry
21:06 Scale Barding Armor
27:33 Gold Mining
27:30 Double-Bit Axe
27:59 Town Watch
33:47 Imperial Age
32:22 Stone Mining
32:45 Bow Saw
33:12 Wheelbarrow
35:50 Gold Shaft Mining
36:36 Hoardings
36:04 Chivalry
36:31 Hand Cart
38:02 Elite Skirmisher
41:32 Cavalier
VC
11:13 Feudal Age
12:42 Double-Bit Axe
15:02 Horse Collar
20:32 Castle Age
18:38 Stone Mining
21:40 Bow Saw
23:28 Heavy Plow
24:38 Loom
26:04 Wheelbarrow
26:27 Gold Mining
26:42 Treadmill Crane
29:37 Hand Cart
31:46 Paiks
31:58 Fortified Wall
31:55 Husbandry
32:05 Bloodlines
31:17 Light Cavalry
32:30 Fletching
33:20 Forging
33:17 Scale Barding Armor
33:25 Masonry
35:48 Imperial Age
32:51 Light Cavalry
34:36 Town Watch
34:42 Town Watch
34:49 Elite Skirmisher
Connection lost

Rejoining the realm…

Still unreachable

The connection could not be restored.

Session expired

The server has moved on; the page needs a fresh start.